 Dungeon Crawl Stone Soup version 0.16.1-25-gbcee3f8 (webtiles) character file.

44 tognito the Skirmisher (level 3, -9/34 HPs)
             Began as a Minotaur Berserker on May 19, 2015.
             Was a Believer of Trog.
             Mangled by an ogre
             ... wielding a +0 giant club
              (15 damage)
             ... on level 3 of the Dungeon.
             The game lasted 00:05:23 (2159 turns).

tognito the Skirmisher (Minotaur Berserker)         Turns: 2159, Time: 00:05:23

Health: -9/34      AC:  2    Str: 22    XL:     3   Next: 41%
Magic:  2/2        EV: 12    Int:  4    God:    Trog [**....]
Gold:   138        SH:  0    Dex:  9    Spells: 0 memorised, 2 levels left

rFire  . . .     SeeInvis .     a - +0 hand axe
rCold  . . .     Clarity  .     b - +0 animal skin
rNeg   . . .     SustAb   .     (no shield)
rPois  .         Gourm    .     (helmet restricted)
rElec  .         Spirit   .     (no cloak)
rCorr  .         Warding  .     (no gloves)
rMut   .         Stasis   .     (no boots)
MR     .....                    (no amulet)
Stlth  +.........               (no ring)
                                (no ring)

@: not resistant to hostile enchantments, very unstealthy
A: retaliatory headbutt, horns 2
a: Burn Spellbooks, Berserk, Trog's Hand, Renounce Religion


You were on level 3 of the Dungeon.
You worshipped Trog.
Trog was pleased with you.
You were near starving.

You visited 1 branch of the dungeon, and saw 3 of its levels.

You collected 138 gold pieces.

Inventory:

Hand weapons
 a - a +0 hand axe (weapon)
 r - a +0 hunting sling
Missiles
 p - 9 exploding sling bullets
 q - 23 arrows of frost
 t - 23 sling bullets
Armour
 b - a +0 animal skin (worn)
Jewellery
 d - an uncursed ring of flight {unknown}
Scrolls
 e - a scroll of enchant weapon {unknown}
 g - a scroll of remove curse {unknown}
 k - 3 scrolls of magic mapping {unknown}
 m - a scroll of fog {unknown}
 o - a scroll of random uselessness {unknown}
 s - a scroll of noise {unknown}
Potions
 i - a potion of curing {unknown}
 j - a potion of heal wounds {unknown}
 l - 2 potions of agility {unknown}
 n - a potion of poison {unknown}
Comestibles
 c - 3 bread rations
 f - a beef jerky
 h - 2 meat rations


   Skills:
 * Level 4.5 Fighting
 + Level 4.2 Axes
 + Level 2.6 Armour
 + Level 2.5 Dodging
 + Level 0.3 Stealth


You had 2 spell levels left.
You didn't know any spells.

Dungeon Overview and Level Annotations

Branches:
Dungeon (3/15)

Altars:
Nemelex Xobeh


Innate Abilities, Weirdness & Mutations

You reflexively headbutt those who attack you in melee.
You have a pair of horns on your head.


Message History

There is an open gate here.
There is a fountain of sparkling water here.
There is a fountain of sparkling water here.
You open the gate.
A rat and an ogre come into view.
The ogre shouts!
The ogre hits you with a giant club!
There is an open gate, spattered with blood here.
You hit the ogre but do no damage. The ogre hits you with a giant club!
* * * LOW HITPOINT WARNING * * *
You hit the ogre.
The ogre is lightly wounded.
The ogre hits you with a giant club.
* * * LOW HITPOINT WARNING * * *
You barely miss the ogre. Your headbutt misses the ogre.
The ogre is lightly wounded.
You slash the ogre!
The ogre is heavily wounded.
The ogre hits you with a giant club!
You die...

.##....#⌠......._.......⌠#
.......########...########
.......##§§§§§#...###§####
.......##§§§§§#...##§§§###
.......##§§§§§#...#§§§§§##
.......##§§§§.#.⌠.##§§§###
.......##§.§§.#...###.####
.......########...########
.......########'@'#######
................rO.......
....<...................
........................
........................
.......................
......................
........... .........
.......... ...


You could see an ogre and a rat.

Vanquished Creatures
  4 giant geckos
  4 goblins
  8 hobgoblins
  A ball python (D:2)
  4 bats
  2 giant cockroaches (D:1)
  2 giant newts (D:2)
  8 kobolds
  6 rats
39 creatures vanquished.

Notes
Turn   | Place    | Note
--------------------------------------------------------------
     0 | D:1      | tognito, the Minotaur Berserker, began the quest for the Orb.
     0 | D:1      | Reached XP level 1. HP: 19/19 MP: 1/1
   272 | D:1      | Reached XP level 2. HP: 8/27 MP: 1/1
   550 | D:1      | Reached skill level 4 in Fighting
   910 | D:1      | Acquired Trog's second power
  1106 | D:1      | Reached XP level 3. HP: 25/33 MP: 2/2
  2127 | D:3      | Found a sparkling altar of Nemelex Xobeh.
  2154 | D:3      | Noticed an ogre
  2159 | D:3      | Mangled by an ogre

Action                   || total
-------------------------++-------
Melee: Hand axe          ||    92
 Fire: Hunting sling     ||     1
  Use: Potion            ||     1
  Eat: Chunk             ||     2
